 Dungeon Crawl Stone Soup version 0.29.1-2-gbd0b4ee654 (webtiles) character file.

Game seed: 14354246072284140229

172 jamesblauser the Cudgeller (level 5, -3/46 HPs)
             Began as a Draconian Berserker on Nov 5, 2022.
             Was a Believer of Trog.
             Slain by a gnoll
             ... wielding a +0 whip
              (10 damage)
             ... on level 3 of the Dungeon.
             The game lasted 00:10:42 (2805 turns).

jamesblauser the Cudgeller (Draconian Berserker)    Turns: 2805, Time: 00:10:43

Health: -3/46      AC:  5    Str: 20    XL:     5   Next: 27%
Magic:  5/5        EV: 13    Int:  7    God:    Trog [**....]
Gold:   93         SH:  0    Dex: 12    Spells: 4/4 levels left

rFire   . . .      SeeInvis +   a - +1 mace
rCold   . . .      Faith    .   e - orb {mayhem}
rNeg    . . .      Spirit   .   (body armour unavailable)
rPois   .          Reflect  .   (helmet restricted)
rElec   .          Harm     .   (no cloak)
rCorr   +          Rampage  .   (no gloves)
Will    .....                   (no boots)
Stlth   ++........              (no amulet)
HPRegen 0.15/turn               d - ring of resist corrosion
MPRegen 0.09/turn               f - ring of see invisible

@: on berserk cooldown, slowed, very slow
A: AC +5, unfitting armour, cold-blooded
a: Renounce Religion, Berserk, Trog's Hand


You were on level 3 of the Dungeon.
You worshipped Trog.
Trog was pleased with you.
You visited 1 branch of the dungeon, and saw 3 of its levels.

You collected 93 gold pieces.

Inventory:

Hand Weapons
 a - a +1 mace (weapon)
 i - a +1 whip of electrocution
Armour
 e - an orb of mayhem (worn)
Jewellery
 d - a ring of resist corrosion (left hand)
 f - a ring of see invisible (right hand)
Scrolls
 b - a scroll of immolation
 c - a scroll of identify
Potions
 h - a potion of curing
 k - a potion of ambrosia


   Skills:
 + Level 4.1 Fighting
 + Level 4.7 Maces & Flails
 + Level 3.5 Dodging
 + Level 1.0 Stealth


You had 4 spell levels left.
You didn't know any spells.
Your spell library was empty.

Dungeon Overview and Level Annotations

Branches:
Dungeon (3/15)

Altars:
Zin


Innate Abilities, Weirdness & Mutations

Your plain brown scales are hard. (AC +5)
You cannot fit into any form of body armour.
You are cold-blooded and may be slowed by cold attacks.


Message History

The gnoll misses the bat. x2; The gnoll closely misses the bat.
The bat closely misses you. The bat hits you but does no damage.
The gnoll completely misses the bat.
The gnoll misses the bat.
You see here a bat corpse.
The gnoll attacks as you move away! The gnoll hits you with a +0 whip.
The bat closely misses the gnoll.
The bat hits the gnoll. x2
The gnoll completely misses the worm.
The bat hits the gnoll but does no damage.
The gnoll hits the worm with a +0 whip!
A bat comes into view.
The gnoll hits the worm with a +0 whip!
The bat misses you.
The gnoll hits the worm with a +0 whip!
The worm dies!
Trog accepts your kill. The bat closely misses you.
You hit the bat.
You kill the bat!
Trog accepts your kill. The gnoll hits you with a +0 whip!
* * * LOW HITPOINT WARNING * * *
You hit the gnoll.
Your tail-slap misses the gnoll.
The gnoll is moderately wounded.
A bat comes into view.
The gnoll misses you. x2; The bat misses you.
The gnoll barely misses you.
You hit the gnoll but do no damage.
Your tail-slap misses the gnoll.
The gnoll is lightly wounded.
The bat barely misses you. The bat hits you but does no damage.
A bat comes into view.
The bat barely misses you. The gnoll hits you with a +0 whip.
* * * LOW HITPOINT WARNING * * *
The bat barely misses you. The gnoll closely misses you. The bat misses you.
You hit the gnoll.
The gnoll is moderately wounded.
The bat barely misses you. The bat hits you.
* * * LOW HITPOINT WARNING * * *
The bat hits you but does no damage. The gnoll barely misses you.
The bat closely misses you. The bat hits you but does no damage.
The gnoll completely misses you. The bat barely misses you.
The bat hits you but does no damage. The gnoll hits you with a +0 whip!
You die...

# #. .## ... ###...#
...?#######bb..[b.
...>..).†g@b#
...###.).####
...........### .
.####.####.#.# . ...
#...## .# #......
#....####.# #...
...#.........# .....
.............# .#..
....#.........########


You could see 4 bats and a neutral gnoll (fast, strong, insane).

Vanquished Creatures
  An orc priest (D:3)
  An orc wizard (D:3)
  3 gnolls (D:3)
  4 adders (D:2)
  A worm (D:2)
  An orc (D:3)
  2 endoplasms (D:2)
  2 giant cockroaches
  3 goblins (D:1)
  5 hobgoblins
  6 jackals
  A quokka (D:2)
  3 ball pythons
  4 bats
  3 frilled lizards
  3 kobolds
  5 rats
48 creatures vanquished.

Vanquished Creatures (collateral kills)
  A worm (D:3)
  An orc (D:3)
  A bat (D:3)
3 creatures vanquished.

Grand Total: 51 creatures vanquished

Notes
Turn   | Place    | Note
-------+----------+-------------------------------------------
     0 | D:1      | jamesblauser the Draconian Berserker began the quest for
                  | the Orb.
     0 | D:1      | Reached XP level 1. HP: 19/19 MP: 1/1
    84 | D:1      | Found a faded altar of an unknown god.
   441 | D:1      | Reached XP level 2. HP: 26/26 MP: 2/2
  1141 | D:2      | Reached XP level 3. HP: 11/31 MP: 3/3
  1886 | D:2      | Reached ** piety under Trog
  1889 | D:2      | Reached XP level 4. HP: 40/40 MP: 4/4
  2649 | D:3      | Found a glowing silver altar of Zin.
  2791 | D:3      | Reached skill level 1 in Stealth
  2791 | D:3      | Reached XP level 5. HP: 46/46 MP: 5/5
  2805 | D:3      | Slain by a gnoll

Illustrated notes

Levels and vault maps discovered:
D:1:      onia_arrival_pyramid, layout_loops_ring,
          hellmonk_ecumenical_altar_leap_of_faith
D:2:      layout_basic
D:3:      layout_basic, amcnicky_altar_gilded, old_standard_altar, tso_altar,
          zin_scriptorium, jmf_multi_god_temple2, portal_sewer_entry_b,
          grunt_ministairs_7, dk_noncrumbling_3, roderic_batcave

Skill      XL: |  1  2  3  4 |
---------------+-------------+-----
Dodging        | 3 |  3.5
Maces & Flails | 4 |  4.7
Fighting       | 4 |  4.1
Stealth        | 1 |  1.0

Action                   |  1- 3 |  4- 6 || total
-------------------------+-------+-------++-------
Melee: Mace              |   105 |    39 ||   144
       Tailslap          |     7 |     5 ||    12
Invok: Berserk           |     1 |     2 ||     3
       Trog's Hand       |       |     2 ||     2
  Use: Scroll            |     2 |     5 ||     7
       Potion            |       |     2 ||     2
 Stab: Sleeping          |     1 |       ||     1
Armor: Skin              |    39 |    21 ||    60
Dodge: Dodged            |    79 |    56 ||   135
